 Dungeon Crawl Stone Soup version 0.18-a0-1060-g4fac74f (webtiles) character file.

8073 namelastname112 the Covert (level 11, -2/141 HPs)
             Began as a White Draconian Wizard on Jan 13, 2016.
             Was a Priest of Dithmenos.
             Slain by a centaur warrior (7 damage)
             ... on level 10 of the Dungeon.
             The game lasted 00:26:46 (13022 turns).

namelastname112 the Covert (DrWz)                  Turns: 13022, Time: 00:26:53

Health: -2/141     AC: 11    Str: 17    XL:     11   Next: 5%
Magic:  15/15      EV: 15    Int: 16    God:    Dithmenos [***...]
Gold:   458        SH:  2    Dex: 13    Spells: 1 memorised, 15 levels left

rFire  . . .     SeeInvis .     o - +2 dagger (venom)
rCold  + . .     Gourm    .     (armour unavailable)
rNeg   . . .     Faith    .     (no shield)
rPois  .         Spirit   .     a - +0 hat
rElec  +         Dismiss  .     p - +1 cloak
rCorr  .         Reflect  +     h - +0 pair of gloves
SustAt +         Harm     .     k - +0 pair of boots
MR     .....                    i - +2 amulet of reflection
Stlth  ..........               F - ring of sustain attributes
                                v - ring of flight

@: berserking, short of breath, wreathed by umbra, very quick, not resistant to
hostile enchantments, extremely unstealthy
A: breathe frost, unfitting armour, stinger 2, cold resistance 1, dopey 1,
electricity resistance, strong 1, cold-blooded, AC +7
a: Breathe Frost, Shadow Step, Renounce Religion, Evoke Flight


You were on level 10 of the Dungeon.
You worshipped Dithmenos.
Dithmenos was most pleased with you.
You were hungry.

You visited 2 branches of the dungeon, and saw 11 of its levels.
You also visited: Sewer.

You collected 659 gold pieces.
You spent 201 gold pieces at shops.

Inventory:

Hand Weapons
 o - a +2 dagger of venom (weapon)
 A - a +0 blowgun
 H - a +2 dagger of draining
Missiles
 G - 2 curare-tipped needles
 K - 19 poisoned needles
Armour
 a - a +0 hat (worn)
 h - a +0 pair of gloves (worn)
 k - a +0 pair of boots (worn)
 p - a +1 cloak (worn)
 u - a +0 buckler
Jewellery
 i - a +2 amulet of reflection (around neck)
 v - a ring of flight (left hand)
 F - a ring of sustain attributes (right hand)
Wands
 w - a wand of digging (14/24)
 z - a wand of paralysis (10/24)
Scrolls
 d - 3 scrolls of remove curse
 f - 5 scrolls of identify
 g - 5 scrolls of enchant weapon
 x - 2 scrolls of recharging
 E - 6 scrolls of teleportation
Potions
 e - a potion of heal wounds {unknown}
 n - 3 potions of berserk rage
 r - a potion of cancellation {unknown}
 s - 2 potions of flight
 t - a potion of cure mutation
 B - 2 potions of ambrosia
 C - 2 potions of agility
Books
 b - a book of Minor Magic

   Spells                             Type                      Level
   a - Magic Dart                     Conjuration                  1
   b - Blink                          Translocation                2
   c - Call Imp                       Summoning                    2
   d - Repel Missiles                 Charms/Air                   2
   e - Slow                           Hexes                        2
   f - Conjure Flame                  Conjuration/Fire             3
   g - Mephitic Cloud                 Conjuration/Poison/Air       3
 y - a book of Changes

   Spells                             Type                      Level
   a - Beastly Appendage              Transmutation                1
   b - Sticks to Snakes               Transmutation                2
   c - Spider Form                    Transmutation/Poison         3
   d - Ice Form                       Ice/Transmutation            4
   e - Blade Hands                    Transmutation                5
 D - a book of Conjurations

   Spells                             Type                      Level
   a - Magic Dart                     Conjuration                  1
   b - Searing Ray                    Conjuration                  2
   c - Dazzling Spray                 Conjuration/Hexes            3
   d - Fulminant Prism                Conjuration/Hexes            4
   e - Iskenderun's Mystic Blast      Conjuration                  4
   f - Iskenderun's Battlesphere      Conjuration/Charms           5
Miscellaneous
 L - a phial of floods
Comestibles
 c - 4 bread rations
 j - a beef jerky
 l - 2 fruits
 q - 3 meat rations


   Skills:
 + Level 7.8 Fighting
 * Level 9.6 Short Blades
 + Level 6.7 Dodging
 * Level 10.1 Stealth
 - Level 3.0 Spellcasting
 - Level 1.0 Conjurations
   Level 1.0 Summonings
   Level 1.0 Translocations


You had 15 spell levels left.
You knew the following spells:

 Your Spells              Type           Power        Failure   Level  Hunger
z - Magic Dart            Conj           #...         14%         1    #......


Dungeon Overview and Level Annotations

Branches:
Dungeon (10/15)            Temple (1/1) D:5            Lair (0/8) D:8
    Orc (0/2) D:10

Altars:
Ashenzari
Cheibriados
Dithmenos
Elyvilon
Fedhas
Gozag
Kikubaaqudgha
Makhleb
Nemelex Xobeh
Okawaru
Pakellas
Qazlal
Ru
Sif Muna
Trog
Vehumet
Xom
Yredelemnul
Zin
The Shining One

Shops:
D:5 [   D:10 (

Annotations:
D:7 namelastname112's ghost, novice DrWz


Innate Abilities, Weirdness & Mutations

You can breathe waves of freezing cold.
You can buffet flying creatures when you breathe cold.
Your icy white scales are hard (AC +7).
Your body does not fit into most forms of armour.
Your flesh is cold resistant.
You are cold-blooded and may be slowed by cold attacks.
Your tail ends in a sharp poisonous barb.
You are dopey. (Int -2)
You are resistant to electric shocks.
Your muscles are strong. (Str +2)


Message History

You hit the centaur warrior.
The centaur warrior is severely wounded.
The hound bites you but does no damage. The centaur warrior hits you!
* * * LOW HITPOINT WARNING * * *
Drink which item? (? for menu, Esc to quit)
You're too hungry to go berserk.
Eat which item? (? for menu, Esc to quit)
The hound bites you but does no damage. The centaur warrior hits you.
* * * LOW HITPOINT WARNING * * *
The hound misses you. The centaur warrior closely misses you.
Mmmm...
Yummy watermelon.
The hound bites you but does no damage. The centaur warrior barely misses you.
Drink which item? (? for menu, Esc to quit)
A red film seems to cover your vision as you go berserk!
You feel yourself moving faster!
You feel mighty!
You are feeling hungry.
The hound closely misses you. The centaur warrior hits you!
* * * LOW HITPOINT WARNING * * *
The hound closely misses you. The centaur warrior hits you!
You die...

#.........##.#
#.# #. #..
.... #.# #.#
#. #.. #...
#.# #.# #. #..
#... #.######.
#.##..
#...##........
#.....
#.............
#....<
#.....o######.
#.....
#...#hc#
#.....
#!o.#)@#
#..... #..
#..# .......
#. #..#
......... #.
#..# ####.....
#..# #.....
#..# #.....
#..# #..# #..#


You could see a centaur warrior, a hound and an orc.

Vanquished Creatures
  A centaur warrior (D:10)
  2 trolls
  A two-headed ogre (D:9)
  Prince Ribbit (D:9)
  Sigmund (D:4)
  4 yaks (D:10)
  A hippogriff (D:8)
  A hungry ghost (D:8)
  3 wolves (D:8)
  Edmund (D:5)
  A water moccasin (D:7)
  Purgy (Sewer)
  3 orc warriors (D:10)
  6 sky beasts
  A wasp (D:10)
  3 ice beasts
  2 phantoms (D:6)
  4 ogres
  A necrophage (D:6)
  2 centaurs
  A big kobold (D:8)
  2 crocodiles
  5 giant frogs
  A gnoll sergeant (D:8)
  A wyvern skeleton (D:9)
  2 scorpions
  A water moccasin skeleton (D:4)
  10 electric eels
  4 crimson imps
  A quasit (D:10)
  8 hounds
  2 giant frog skeletons (D:5)
  2 jellies
  6 orc wizards
  4 orc priests
  2 centaur skeletons
  7 iguanas
  6 worker ants
  A hound zombie (D:9)
  2 worker ant zombies
  11 gnolls
  A river rat (D:5)
  10 adders
  2 shadow imps
  3 oozes
  3 adder skeletons
  An adder zombie (D:3)
  2 worms
  7 giant geckos
  19 orcs
  15 bats
  8 giant cockroaches
  3 goblins
  3 hobgoblins (D:1)
  12 jackals
  10 kobolds
  5 quokkas
  3 ball pythons
  A giant gecko zombie (D:3)
  5 giant newts
  6 rats
238 creatures vanquished.

Vanquished Creatures (others)
  A tengu reaver (D:8)
  An orc wizard (D:5)
  A giant gecko (D:5)
3 creatures vanquished.

Grand Total: 241 creatures vanquished

Notes
Turn   | Place    | Note
--------------------------------------------------------------
     0 | D:1      | namelastname112 the Draconian Wizard began the quest for the Orb.
     0 | D:1      | Reached XP level 1. HP: 14/14 MP: 4/4
   201 | D:1      | Reached XP level 2. HP: 19/22 MP: 0/6
   728 | D:1      | Reached skill level 1 in Fighting
   956 | D:2      | Reached skill level 1 in Short Blades
  1474 | D:2      | Reached XP level 3. HP: 23/28 MP: 2/7
  2248 | D:3      | Reached XP level 4. HP: 33/36 MP: 8/8
  2491 | D:3      | Reached XP level 5. HP: 39/41 MP: 0/9
  2660 | D:3      | HP: 1/41 [orc priest/divine providence (15)]
  3268 | D:3      | Found a shattered altar of Ashenzari.
  3419 | D:4      | Noticed a crocodile
  3649 | D:4      | Noticed Sigmund
  3678 | D:4      | Killed Sigmund
  3678 | D:4      | Reached skill level 4 in Stealth
  3678 | D:4      | Reached XP level 6. HP: 32/50 MP: 10/10
  3903 | D:5      | Entered Level 5 of the Dungeon
  4019 | D:5      | Found a glowing silver altar of Zin.
  4040 | D:5      | Found a staircase to the Ecumenical Temple.
  4074 | D:5      | Found Zeiheo's Armour Shop.
  4143 | D:5      | Noticed Edmund
  4287 | D:5      | Found a white marble altar of Elyvilon.
  4485 | D:5      | Found a glowing drain.
  4493 | Sewer    | Entered a sewer
  4554 | Sewer    | Noticed Purgy
  4574 | Sewer    | Killed Purgy
  4574 | Sewer    | Reached XP level 7. HP: 50/57 MP: 11/11
  4574 | Sewer    | Your scales start taking on an icy white colour.
  4574 | Sewer    | Gained mutation: Your flesh is cold resistant. [White Draconian growth]
  4745 | Temple   | Entered the Ecumenical Temple
  4769 | Temple   | Became a worshipper of Dithmenos the Shadowed
  5054 | D:5      | Killed Edmund
  5054 | D:5      | Reached skill level 5 in Stealth
  5446 | D:5      | Found an opulent altar of Gozag.
  5724 | D:4      | Reached skill level 5 in Short Blades
  5724 | D:4      | Reached XP level 8. HP: 49/66 MP: 12/12
  6920 | D:6      | Reached skill level 6 in Stealth
  6931 | D:6      | Reached * piety under Dithmenos
  7663 | D:6      | Reached skill level 5 in Fighting
  8097 | D:6      | Reached XP level 9. HP: 69/73 MP: 13/13
  8209 | D:7      | Reached skill level 7 in Stealth
  8441 | D:7      | Noticed namelastname112's ghost (novice DrWz)
  8487 | D:7      | Reached skill level 5 in Dodging
  8847 | D:7      | Found a sacrificial altar of Ru.
  9115 | D:8      | Noticed a troll
  9131 | D:8      | Killed a troll
  9220 | D:8      | Reached ** piety under Dithmenos
  9365 | D:8      | Reached skill level 8 in Stealth
  9802 | D:8      | Gained mutation: You are dopey. (Int -2) [mutagenic meat]
  9803 | D:8      | Gained mutation: You are resistant to electric shocks. [mutagenic meat]
  9804 | D:8      | Gained mutation: Scrolls take you a little longer to read. [mutagenic meat]
  9805 | D:8      | Gained mutation: You are frail (-10% HP). [mutagenic meat]
  9806 | D:8      | Gained mutation: Your muscles are strong. (Str +2) [mutagenic meat]
  9895 | D:8      | Found a staircase to the Lair.
 10231 | D:8      | Reached XP level 10. HP: 57/74 MP: 14/14
 10660 | D:8      | Found an oddly glowing altar of Pakellas.
 10661 | D:8      | Noticed a tengu reaver
 10671 | D:8      | Killed a tengu reaver
 10807 | D:8      | Found an iron altar of Okawaru.
 10929 | D:8      | Gained mutation: Your tail ends in a poisonous barb. [mutagenic meat]
 10930 | D:8      | Gained mutation: Your tail ends in a sharp poisonous barb. [mutagenic meat]
 10931 | D:8      | Lost mutation: Scrolls take you a little longer to read. [mutagenic meat]
 10932 | D:8      | Lost mutation: You are frail (-10% HP). [mutagenic meat]
 11153 | D:9      | Noticed Prince Ribbit
 11183 | D:9      | Reached skill level 9 in Stealth
 11206 | D:9      | Killed Prince Ribbit
 11574 | D:9      | Found a deep blue altar of Sif Muna.
 11659 | D:9      | Reached *** piety under Dithmenos
 11972 | D:10     | Entered Level 10 of the Dungeon
 11984 | D:10     | Found a snail-covered altar of Cheibriados.
 12306 | D:10     | Noticed a centaur warrior
 12341 | D:10     | Killed a centaur warrior
 12594 | D:10     | Reached skill level 10 in Stealth
 12622 | D:10     | Found Hedix's Weapon Shop.
 12623 | D:10     | Found a staircase to the Orcish Mines.
 12676 | D:10     | Reached XP level 11. HP: 87/93 MP: 15/15
 12723 | D:10     | Bought a +2 dagger of venom for 201 gold pieces
 12993 | D:10     | Noticed a centaur warrior
 13022 | D:10     | HP: 5/141 [centaur warrior (10)]
 13022 | D:10     | Slain by a centaur warrior

Vault maps used:
D:1:      roderic_chinese_lattice_arrival, minmay_misc_feat_diagonals
D:2:      solitary_fountain
D:3:      marbit_many_paths, serial_undead, serial_undead_d, serial_undead_d,
          serial_undead_c, serial_undead_e, first_bread
D:4:      uniq_sigmund
D:5:      zin_academy, minitemple, minmay_temple_entry_trees, serial_shops,
          shop, gup_sewer_entry_bubbles, minivault_19, corexii_corridor_pit,
          uniq_edmund
D:6:      wad_lake_hut, kennysheep_cluttered_room
D:7:      nicolae_ru_the_path_less_chosen
D:8:      lemuel_coloured_pillars_altar, gammafunk_pakellas_spire_experiment,
          erik_lair_island
D:9:      nicolae_overflow_crystal_walls, uniq_prince_ribbit1
D:10:     orc_david_3, basic_altar
Temple:   circular_temple_12
Sewer:    sewer_big_baddie

Action                   |  1- 3 |  4- 6 |  7- 9 | 10-12 || total
-------------------------+-------+-------+-------+-------++-------
Melee: Unarmed           |    17 |       |       |       ||    17
       Dagger            |   127 |   202 |   543 |   430 ||  1302
 Cast: Magic Dart        |    77 |    50 |       |       ||   127
 Abil: Breathe Frost     |       |       |    33 |     7 ||    40
Evoke: Wand              |       |       |     5 |       ||     5
  Use: Potion            |       |     3 |       |     3 ||     6
       Scroll            |       |     5 |       |    15 ||    20
 Stab: Sleeping          |       |     8 |    15 |     8 ||    31
       Paralysed         |       |       |     3 |       ||     3
  Eat: Chunk             |     4 |     2 |    30 |    10 ||    46
       Meat ration       |       |     1 |       |     1 ||     2
       Fruit             |       |       |     4 |     1 ||     5
